 Dungeon Crawl Stone Soup version 0.19.4-9-g45fd643 (webtiles) character file.

4430 sveltemanboy the Quickloader (level 10, -4/49 HPs)
             Began as a Vine Stalker Hunter on Feb 21, 2017.
             Was a Believer of Okawaru.
             Slain by a white ugly thing (24 damage)
             ... on level 8 of the Dungeon.
             The game lasted 00:20:12 (6849 turns).

sveltemanboy the Quickloader (Vine Stalker Hunter)  Turns: 6849, Time: 00:20:13

Health: -4/49      AC:  8    Str: 14    XL:     10   Next: 36%
Magic:  0/23       EV: 12    Int: 14    God:    Okawaru [**....]
Gold:   416        SH:  0    Dex: 16    Spells: 0 memorised, 9 levels left

rFire  . . .     SeeInvis .     b - +0 morningstar
rCold  . . .     Gourm    .     E - +0 ring mail
rNeg   . . .     Faith    .     (no shield)
rPois  .         Spirit   +     q - +1 hat
rElec  .         Reflect  .     (no cloak)
rCorr  .         Harm     .     (no gloves)
MR     +....                    j - +0 pair of boots
Stlth  +.........               K - amulet of rage
                                R - ring of wizardry
                                v - ring of magical power

@: no status effects
A: fangs 3, regeneration 1, magic shield, antimagic bite, no device heal 3, rot
immunity
a: Heroism, Renounce Religion, Evoke Berserk Rage


You were on level 8 of the Dungeon.
You worshipped Okawaru.
Okawaru was pleased with you.
You were not hungry.

You visited 2 branches of the dungeon, and saw 9 of its levels.
You also visited: Ossuary.

You collected 416 gold pieces.

Inventory:

Hand Weapons
 a - a +2 hand crossbow
 b - a +0 morningstar (weapon)
Missiles
 d - 26 bolts
Armour
 j - a +0 pair of boots (worn)
 q - a +1 hat (worn)
 E - a +0 ring mail (worn)
Jewellery
 s - an uncursed ring of positive energy
 v - a ring of magical power (left hand)
 y - an uncursed ring of resist corrosion
 G - an uncursed ring of ice
 K - an amulet of rage (around neck)
 M - an uncursed ring of protection from fire
 N - an uncursed ring of see invisible
 R - a ring of wizardry (right hand)
Wands
 c - a wand of confusion (0/48)
 k - a wand of polymorph (24/24)
 n - a wand of flame (0/48)
 Q - a wand of disintegration (18/24)
 S - a wand of teleportation (5/9)
Scrolls
 e - 14 scrolls of identify
 g - a scroll of enchant armour
 o - 4 scrolls of teleportation
 p - a scroll of immolation
 u - 3 scrolls of blinking
 D - a scroll of fog
 F - 6 scrolls of remove curse
 H - 2 scrolls of magic mapping {unknown}
 J - 2 scrolls of fear {unknown}
 P - 2 scrolls of enchant weapon
Potions
 h - 2 potions of heal wounds {unknown}
 i - 2 potions of degeneration {unknown}
 m - 4 potions of haste {unknown}
 r - 3 potions of resistance
 t - 4 potions of curing {unknown}
 B - a potion of brilliance {unknown}
 C - a potion of flight {unknown}
 I - 2 potions of mutation {unknown}
 L - 2 potions of agility {unknown}
 O - a potion of lignification {unknown}
Books
 z - a book of Minor Magic

   Spells                             Type                      Level
   a - Magic Dart                     Conjuration                  1
   b - Blink                          Translocation                2
   c - Call Imp                       Summoning                    2
   d - Repel Missiles                 Charms/Air                   2
   e - Slow                           Hexes                        2
   f - Conjure Flame                  Conjuration/Fire             3
   g - Mephitic Cloud                 Conjuration/Poison/Air       3
Comestibles
 f - 7 bread rations
 l - 8 beef jerkies
 w - 3 meat rations
 x - 8 fruits
 A - 4 chunks of flesh


   Skills:
 - Level 4.0 Fighting
 * Level 4.7 Maces & Flails
 - Level 10.0 Crossbows
 - Level 4.0 Armour
 - Level 3.0 Dodging
 - Level 1.2 Stealth
 + Level 4.0 Invocations
 + Level 3.6 Evocations


You had 9 spell levels left.
You didn't know any spells.

Dungeon Overview and Level Annotations

Branches:
Dungeon (8/15)             Temple (1/1) D:6
   Lair: D:8-11

Altars:
Ashenzari
Cheibriados
Dithmenos
Elyvilon
Fedhas
Gozag
Hepliaklqana
Kikubaaqudgha
Makhleb
Nemelex Xobeh
Okawaru
Qazlal
Ru
Sif Muna
Trog
Uskayaw
Vehumet
Xom
Yredelemnul
Zin
The Shining One

Shops:
D:6 *


Innate Abilities, Weirdness & Mutations

You have razor-sharp teeth.
Your natural rate of healing is unusually fast.
When hurt, damage is shared between your health and your magic reserves.
Your bite disrupts and absorbs the magic of your enemies.
Potions and wands cannot restore your health.
You are immune to rotting.


Message History

a battleaxe; a robe
Found 3 scrolls of identify and a scale mail.
Found 11 gold pieces.
Found a meat ration.
A bullfrog and an ugly thing come into view.
A troll comes into view.
The bullfrog gives a loud, deep croak!
The troll shouts!
A phantom comes into view.
The orc shouts!
You hit the bullfrog. Your bite misses the bullfrog.
The bullfrog is lightly wounded.
The bullfrog hits you. The worker ant misses you.
You hit the bullfrog.
The bullfrog is moderately wounded.
The bullfrog closely misses you. The bullfrog barely misses you.
You hit the bullfrog but do no damage.
The bullfrog is moderately wounded.
The bullfrog closely misses you. The bullfrog hits you. The wight misses you.
The white ugly thing punches you! The white ugly thing freezes you!!
You die...

#.###############
##.... #.# #.#..
#.# ####..#+ #.#
#....... #.#
#....... #.#
######## #.......
#.# #$[....#
#....... #.#
###?z....##
#...###. #)#
#..@ua..... #####
#.
#.####..TF......
#.
#)##.....z......
##
#.##......W%....
#..........o....
##..............
###............
#............
###.........


You could see a white ugly thing, a troll, a phantom, a bullfrog, a worker ant,
2 wights and an orc.

Vanquished Creatures
  Pikel (D:5)
  Joseph (D:7)
  Grinder (D:5)
  Prince Ribbit (D:5)
  A hippogriff (D:8)
  Sigmund (D:3)
  Eustachio (D:6)
  Duvessa (D:6)
  2 orc warriors
  2 slaves (D:5)
  A black bear (D:6)
  2 ogres
  A centaur (D:7)
  Blork the orc (D:5)
  3 bullfrogs
  A wyvern zombie (D:8)
  Dowan (D:6)
  A water moccasin zombie (D:7)
  9 scorpions
  3 wights (D:8)
  4 howler monkeys
  An electric eel (D:6)
  2 crimson imps
  A centaur zombie (Ossuary)
  A human zombie (Ossuary)
  5 hounds
  2 jellies
  3 orc wizards
  An orc priest (D:6)
  Jessica (D:3)
  2 iguanas
  2 worker ants
  A killer bee zombie (D:6)
  3 big kobold zombies (Ossuary)
  A hound skeleton (D:4)
  3 mummies (Ossuary)
  3 worker ant zombies
  5 scorpion zombies (Ossuary)
  3 gnolls (D:7)
  9 adders
  A shadow imp (D:7)
  6 worms
  4 dart slugs
  4 leopard geckos
  19 orcs
  A ball python (D:1)
  6 bats
  5 giant cockroaches
  3 gnoll zombies (Ossuary)
  8 goblins
  6 hobgoblins
  9 jackals
  3 quokkas
  7 frilled lizards
  2 goblin zombies (Ossuary)
  4 hobgoblin zombies (Ossuary)
  5 kobolds
  A leopard gecko skeleton (D:4)
  A leopard gecko zombie (D:5)
  2 orc zombies (Ossuary)
  6 rats
191 creatures vanquished.

Vanquished Creatures (others)
  A slave (D:5)
  A scorpion (D:5)
  A worm (D:5)
3 creatures vanquished.

Grand Total: 194 creatures vanquished

Notes
Turn   | Place    | Note
-------+----------+-------------------------------------------
     0 | D:1      | sveltemanboy the Vine Stalker Hunter began the quest for the Orb.
     0 | D:1      | Reached XP level 1. HP: 11/11 MP: 2/2
   102 | D:1      | Reached XP level 2. HP: 15/15 MP: 3/3
   153 | D:1      | Reached skill level 4 in Crossbows
   425 | D:1      | Reached XP level 3. HP: 9/18 MP: 1/4
   442 | D:1      | Reached skill level 1 in Armour
   852 | D:1      | Found a shimmering altar of Xom.
   854 | D:1      | Found a shimmering altar of Xom.
   854 | D:1      | Found an iron altar of Okawaru.
   856 | D:1      | Found a shimmering altar of Xom.
   856 | D:1      | Found a hazy altar of Hepliaklqana.
   856 | D:1      | Found a glowing golden altar of the Shining One.
  1020 | D:2      | Gained mutation: Your natural rate of healing is unusually fast. [Vine Stalker growth]
  1020 | D:2      | Reached XP level 4. HP: 23/23 MP: 5/5
  1344 | D:2      | Found a shattered altar of Ashenzari.
  1858 | D:3      | Reached XP level 5. HP: 26/26 MP: 6/6
  1902 | D:3      | Noticed Sigmund
  2001 | D:3      | Noticed Jessica
  2004 | D:3      | Killed Jessica
  2103 | D:3      | Reached skill level 5 in Crossbows
  2135 | D:3      | Killed Sigmund
  2135 | D:3      | Reached XP level 6. HP: 24/30 MP: 5/7
  2872 | D:4      | Reached XP level 7. HP: 35/35 MP: 8/8
  2882 | D:4      | Reached skill level 6 in Crossbows
  3158 | D:5      | Entered Level 5 of the Dungeon
  3175 | D:5      | Noticed Grinder
  3189 | D:5      | Paralysed by Grinder for 7 turns
  3198 | D:5      | Killed Grinder
  3493 | D:5      | Noticed Pikel
  3583 | D:5      | Killed Pikel
  3583 | D:5      | Reached skill level 7 in Crossbows
  3583 | D:5      | Gained mutation: You have razor-sharp teeth. [Vine Stalker growth]
  3583 | D:5      | Reached XP level 8. HP: 41/41 MP: 9/9
  3589 | D:5      | Noticed Blork the orc
  3614 | D:5      | Killed Blork the orc
  3784 | D:5      | Found a sand-covered staircase.
  3808 | Ossuary  | Entered an ossuary
  3981 | Ossuary  | Reached skill level 8 in Crossbows
  4138 | Ossuary  | Reached XP level 9. HP: 34/45 MP: 10/10
  4242 | Ossuary  | Reached skill level 9 in Crossbows
  4392 | D:5      | Noticed Prince Ribbit
  4408 | D:5      | Killed Prince Ribbit
  4917 | D:6      | Noticed Dowan
  4918 | D:6      | Noticed Duvessa
  4925 | D:6      | Killed Duvessa
  4941 | D:6      | Killed Dowan
  4961 | D:6      | Found a staircase to the Ecumenical Temple.
  4970 | Temple   | Entered the Ecumenical Temple
  5005 | Temple   | Became a worshipper of Warmaster Okawaru
  5253 | D:6      | Reached skill level 1 in Invocations
  5365 | D:6      | Reached skill level 10 in Crossbows
  5365 | D:6      | Reached skill level 1 in Evocations
  5366 | D:6      | Found Perisusch's Assorted Antiques.
  5393 | D:6      | Noticed Eustachio
  5405 | D:6      | Killed Eustachio
  5405 | D:6      | Reached skill level 1 in Maces & Flails
  6024 | D:7      | Reached * piety under Okawaru
  6122 | D:7      | Noticed Joseph
  6139 | D:7      | Killed Joseph
  6139 | D:7      | Reached XP level 10. HP: 17/49 MP: 7/13
  6488 | D:7      | Reached ** piety under Okawaru
  6845 | D:8      | Noticed a white ugly thing
  6849 | D:8      | Slain by a white ugly thing

Skill      XL: |  1  2  3  4  5  6  7  8  9 10 |
---------------+-------------------------------+-----
Crossbows      | 4 5 7 8 10 | 10.0
Armour         | 1 2 3 4 |  4.0
Dodging        | 2 3 |  3.0
Fighting       | 2 3 4 |  4.0
Invocations    | 3 4 |  4.0
Evocations     | 3 |  3.6
Maces & Flails | 3 4 |  4.7
Stealth        | |  1.2

Action                   |  1- 3 |  4- 6 |  7- 9 | 10-12 || total
-------------------------+-------+-------+-------+-------++-------
Melee: Short sword       |    65 |    47 |   189 |       ||   301
       Bite              |    15 |    11 |    77 |    24 ||   127
       Morningstar       |       |       |    21 |    70 ||    91
 Fire: Hand crossbow     |    24 |    95 |   292 |    22 ||   433
Invok: Heroism           |       |       |     1 |       ||     1
Evoke: Wand              |       |       |    16 |       ||    16
  Use: Scroll            |       |    12 |     1 |       ||    13
 Stab: Confused          |       |       |     1 |       ||     1
       Sleeping          |       |       |     1 |       ||     1
  Eat: Chunk             |       |     6 |     9 |     2 ||    17
       Fruit             |       |       |     2 |       ||     2
Armor: Leather armour    |    12 |    10 |       |       ||    22
       Ring mail         |       |       |    86 |    26 ||   112
Dodge: Dodged            |    44 |    41 |   171 |    64 ||   320
